 Dungeon Crawl Stone Soup version 0.16-a0-2388-g8c53b03 (console) character file.

7050 Kellhus the Destroyer (level 10, -2/69 HPs)
             Began as a Demigod Wizard on Nov 18, 2014.
             Slain by a raven (5 damage)
             ... on level 10 of the Dungeon.
             The game lasted 00:26:43 (14386 turns).

Kellhus the Destroyer (Demigod Wizard)             Turns: 14386, Time: 00:26:43

Health: -2/69      AC: 12    Str: 10    XL:     10   Next: 54%
Magic:  3/26       EV: 11    Int: 28    God:
Gold:   493        SH:  0    Dex: 14    Spells: 8 memorised, 3 levels left

rFire  . . .     SeeInvis .     a - +1 mace (protect)
rCold  + . .     Clarity  .     w - +0 leather armour {rC+}
rNeg   . . .     SustAb   +     (no shield)
rPois  .         Gourm    .     v - +0 hat
rElec  .         Spirit   .     U - +0 cloak
rCorr  .         Warding  .     (no gloves)
rMut   .         Stasis   .     q - +2 pair of boots
MR     +....                    (no amulet)
Stlth  ++........               (no ring)
                                R - +6 ring of slaying

@: somewhat resistant to hostile enchantments, unstealthy
A: sustain abilities
a: no special abilities


You were on level 10 of the Dungeon.
You were not hungry.

You visited 2 branches of the dungeon, and saw 11 of its levels.

You collected 493 gold pieces.

Inventory:

Hand weapons
 a - a +1 mace of protection (weapon)
 b - a +0 blowgun
 y - a +3 whip
 D - a +1 hand axe of chopping
Missiles
 x - 37 poisoned needles
 K - 2 needles of slowing
Armour
 q - a +2 pair of boots (worn)
 r - a +0 robe
 v - a +0 hat (worn)
 w - a +0 leather armour of cold resistance (worn)
 U - a +0 cloak (worn)
Magical staves
 M - an uncursed staff of poison
Jewellery
 R - a +6 ring of slaying (left hand)
Magical devices
 j - a wand of lightning (6)
 u - a wand of fire (0)
 T - a wand of fireball (1)
Scrolls
 f - 3 scrolls of remove curse {unknown}
 h - 2 scrolls of enchant armour {unknown}
 k - 4 scrolls of blinking {unknown}
 m - 2 scrolls of noise {unknown}
 s - 3 scrolls of teleportation {unknown}
 t - 3 scrolls of random uselessness {unknown}
 C - a scroll of recharging {unknown}
 F - 2 scrolls of amnesia {unknown}
 G - 3 scrolls of immolation {unknown}
 H - a scroll of vulnerability {unknown}
 S - a scroll of magic mapping {unknown}
Potions
 e - 5 potions of curing {unknown}
 g - a potion of heal wounds
 i - a potion of agility
 n - 2 potions of restore abilities
 p - a potion of magic {unknown}
 z - 2 potions of flight {unknown}
 E - 2 potions of brilliance {unknown}
 J - a potion of mutation {unknown}
 N - 3 potions of poison {unknown}
 O - a potion of beneficial mutation {unknown}
 P - a potion of cancellation {unknown}
 Q - 2 potions of lignification {unknown}
Books
 c - a book of Minor Magic

   Spells                             Type                      Level
   *Magic Dart                        Conjuration                  1
   *Blink                             Translocation                2
   Call Imp                           Summoning                    2
   *Repel Missiles                    Charms/Air                   2
   Slow                               Hexes                        2
   *Conjure Flame                     Conjuration/Fire             3
   *Mephitic Cloud                    Conjuration/Poison/Air       3
 I - a book of Frost

   Spells                             Type                      Level
   *Freeze                            Ice                          1
   *Throw Frost                       Conjuration/Ice              2
   Ozocubu's Armour                   Charms/Ice                   3
   *Throw Icicle                      Conjuration/Ice              4
   Summon Ice Beast                   Ice/Summoning                4
   Condensation Shield                Ice                          4
 L - a book of the Warp

   Spells                             Type                      Level
   Control Teleport                   Charms/Translocation         4
   Phase Shift                        Translocation                5
   Warp Weapon                        Charms/Translocation         5
   Dispersal                          Translocation                6
   Controlled Blink                   Translocation                7
   Disjunction                        Translocation                8
Comestibles
 d - 4 bread rations
 l - 5 slices of pizza
 A - 2 beef jerkies
 B - 6 meat rations


   Skills:
 - Level 1.7 Dodging
 - Level 1.7 Stealth
 - Level 6.0 Spellcasting
 + Level 10.0 Conjurations
   Level 0.8 Summonings
 - Level 0.8 Translocations
 + Level 10.0 Ice Magic


You had 3 spell levels left.
You knew the following spells:

 Your Spells              Type           Power        Failure   Level  Hunger
a - Magic Dart            Conj           ####         1%          1    None
b - Conjure Flame         Conj/Fire      #####...     1%          3    None
c - Mephitic Cloud        Conj/Pois/Air  ####....     6%          3    None
d - Throw Frost           Conj/Ice       ######       1%          2    None
e - Freeze                Ice            ####         1%          1    None
i - Throw Icicle          Conj/Ice       ######..     1%          4    ###....
l - Blink                 Tloc           N/A          10%         2    None
r - Repel Missiles        Chrm/Air       #.....       10%         2    None


Dungeon Overview and Level Annotations

Branches:
Dungeon (10/15)            Temple (0/1) D:5             Orc (1/4) D:9
   Lair: D:8-11

Annotations:
D:9 smajdalf's ghost, powerful DgEE


Innate Abilities, Weirdness & Mutations

Your attributes are resistant to harm.


Message History

Confirm with . or Enter, or press ? or * to list all spells.
You blink.
Read which item? (? for menu, Esc to quit)
Okay, then.
Casting: Blink
Confirm with . or Enter, or press ? or * to list all spells.
Aiming: Freeze
Press: ? - help, Shift-Dir - straight line, f - raven, p - tengu warrior
Aim: a raven
Okay, then.
Casting: Freeze
Confirm with . or Enter, or press ? or * to list all spells.
You blink.
Casting: Blink
Confirm with . or Enter, or press ? or * to list all spells.
You blink.
Casting: Blink
Confirm with . or Enter, or press ? or * to list all spells.
You blink.
The raven pecks you but does no damage. The raven claws you.
You die...

...P..'### .P...P...#
....####÷# #)# #####+####
#####'#########
.........###..........<..#
.........#.'<...).§......#
...[.....#.#.....b.......#
.........'.#.>..@........#
.........###..[..Q......>#
.........# #.....#####...#
###'###### #....##% ##..#
###.# ######%.♣ #.## #...#
#.Q. #.# #.### #.bP #.#
#.# #.. ##.# #'######
#'##..#


You could see a tengu warrior and a raven.

Vanquished Creatures
  The ghost of Fyery the Frost Mage, an experienced HEIE of Sif Muna (D:8)
  Erolcha (D:8)
  Maurice (D:9)
  2 trolls
  Grinder (D:3)
  A trapdoor spider zombie (D:9)
  A yak (D:10)
  A hungry ghost (D:8)
  6 ice beasts
  2 sky beasts
  3 orc warriors
  A necrophage (D:9)
  4 ogres
  A big kobold (D:9)
  2 centaurs
  Blork the orc (D:4)
  7 giant frogs
  A gnoll sergeant (D:6)
  A scorpion (D:5)
  A wyvern skeleton (D:6)
  5 wights
  4 killer bees (D:7)
  5 crimson imps
  4 goliath beetles
  A centaur zombie (D:7)
  A giant frog skeleton (D:9)
  8 orc priests
  2 giant frog zombies
  6 hounds
  3 jellies
  2 iguanas
  10 orc wizards
  6 worker ants
  A hound skeleton (D:7)
  5 gnolls (D:6)
  15 adders
  2 worker ant zombies
  4 shadow imps
  2 giant mites
  4 worms
  An adder skeleton (D:9)
  7 giant geckos
  3 oozes
  49 orcs
  A ball python (D:3)
  4 giant cockroaches
  16 hobgoblins
  9 jackals
  23 kobolds
  5 quokkas
  13 bats
  7 giant newts
  2 giant spores
  20 goblins
  A quokka zombie (D:8)
  21 rats
  A ballistomycete (D:8)
312 creatures vanquished.

Vanquished Creatures (others)
  A human (D:7)
  A fungus (D:10)
2 creatures vanquished.

Grand Total: 314 creatures vanquished

Notes
Turn   | Place    | Note
--------------------------------------------------------------
     0 | D:1      | Kellhus, the Demigod Wizard, began the quest for the Orb.
     0 | D:1      | Reached XP level 1. HP: 14/14 MP: 4/4
   136 | D:1      | Reached skill level 1 in Conjurations
   610 | D:1      | Reached XP level 2. HP: 20/20 MP: 4/6
  1652 | D:2      | Found a shattered altar of Ashenzari.
  1702 | D:2      | Reached skill level 3 in Conjurations
  1702 | D:2      | Reached XP level 3. HP: 26/26 MP: 1/8
  2226 | D:2      | Reached XP level 4. HP: 33/33 MP: 8/11
  2450 | D:2      | Reached skill level 4 in Conjurations
  2502 | D:2      | Found a burning altar of Makhleb.
  2502 | D:2      | Found a radiant altar of Vehumet.
  3140 | D:3      | Noticed Grinder
  3156 | D:3      | Paralysed by Grinder for 4 turns
  3181 | D:3      | Killed Grinder
  3181 | D:3      | Reached skill level 5 in Conjurations
  3181 | D:3      | Reached XP level 5. HP: 33/38 MP: 0/12
  3181 | D:3      | Reached XP level 6. HP: 39/45 MP: 0/15
  3962 | D:2      | Reached skill level 6 in Conjurations
  4689 | D:4      | Reached skill level 7 in Conjurations
  4822 | D:4      | Noticed Blork the orc
  4844 | D:4      | Killed Blork the orc
  4844 | D:4      | Reached XP level 7. HP: 44/50 MP: 9/18
  5239 | D:5      | Entered Level 5 of the Dungeon
  5707 | D:5      | Reached skill level 5 in Spellcasting
  5951 | D:5      | Found an iron altar of Okawaru.
  5978 | D:5      | Reached XP level 8. HP: 45/57 MP: 23/23
  6220 | D:5      | Found a staircase to the Ecumenical Temple.
  6448 | D:5      | Learned a level 1 spell: Freeze
  6451 | D:5      | Learned a level 2 spell: Throw Frost
  6552 | D:6      | Reached skill level 1 in Ice Magic
  7326 | D:5      | Learned a level 3 spell: Conjure Flame
  7330 | D:5      | Learned a level 3 spell: Mephitic Cloud
  7755 | D:6      | Found a shadowy altar of Dithmenos.
  7762 | D:6      | Found a glowing silver altar of Zin.
  8499 | D:7      | Found an ancient bone altar of Kikubaaqudgha.
  8627 | D:7      | Learned a level 2 spell: Blink
  8630 | D:7      | Learned a level 2 spell: Repel Missiles
  8647 | D:7      | Reached skill level 5 in Ice Magic
  8783 | D:7      | Reached XP level 9. HP: 54/62 MP: 6/25
 10022 | D:8      | Noticed Fyery's ghost (experienced HEIE)
 10278 | D:7      | Learned a level 4 spell: Throw Icicle
 10554 | D:8      | Killed Fyery's ghost
 10554 | D:8      | Reached skill level 8 in Conjurations
 11811 | D:8      | Noticed Erolcha
 11820 | D:8      | Killed Erolcha
 11820 | D:8      | Reached XP level 10. HP: 69/69 MP: 10/26
 12116 | D:9      | Reached skill level 9 in Conjurations
 12292 | D:9      | Found a basalt altar of Yredelemnul.
 12719 | D:9      | Noticed Maurice
 12846 | D:9      | Killed Maurice
 13057 | D:9      | Found a staircase to the Orcish Mines.
 13128 | D:9      | Noticed smajdalf's ghost (powerful DgEE)
 13284 | Orc:1    | Entered Level 1 of the Orcish Mines
 14035 | D:10     | Entered Level 10 of the Dungeon
 14240 | D:10     | Reached skill level 10 in Conjurations
 14243 | D:10     | Reached skill level 10 in Ice Magic
 14365 | D:10     | Noticed a tengu warrior
 14379 | D:10     | HP: 1/69 [raven (7)]
 14386 | D:10     | Slain by a raven

Action                   |  1- 3 |  4- 6 |  7- 9 | 10-12 || total
-------------------------+-------+-------+-------+-------++-------
Melee: Unarmed           |    21 |       |       |       ||    21
       Hand axe          |       |     7 |       |       ||     7
       Mace              |       |       |    27 |    30 ||    57
 Fire: Blowgun           |       |    25 |    59 |     6 ||    90
 Cast: Magic Dart        |   104 |   151 |   301 |    25 ||   581
       Throw Frost       |       |       |   119 |    86 ||   205
       Conjure Flame     |       |       |    12 |     3 ||    15
       Mephitic Cloud    |       |       |     5 |     2 ||     7
       Throw Icicle      |       |       |    15 |    28 ||    43
       Repel Missiles    |       |       |     2 |       ||     2
       Freeze            |       |       |       |    10 ||    10
       Blink             |       |       |       |     4 ||     4
Evoke: Wand              |       |       |     1 |     1 ||     2
  Use: Scroll            |       |       |     4 |       ||     4
       Potion            |       |       |     1 |       ||     1
  Eat: Chunk             |     4 |     8 |    17 |     8 ||    37
       Bread ration      |       |       |     1 |       ||     1
       Fruit             |       |       |       |     1 ||     1
       Beef jerky        |       |       |       |     1 ||     1
